 Dungeon Crawl Stone Soup version 0.31.0-11-ge490571c62 (webtiles) character file.

Game seed: 6437670918100541854

121 qw the Shooter (level 4, -1/25 HPs)
             Began as a Deep Elf Hunter on Feb 5, 2024.
             Slain by Duvessa
             ... wielding a +0 rapier
              (5 damage)
             ... on level 4 of the Dungeon.
             The game lasted 00:00:57 (2196 turns).

qw the Shooter (Deep Elf Hunter)                    Turns: 2196, Time: 00:00:58

Health: -1/25      AC:  5    Str: 14    XL:     4   Next: 76%
Magic:  6/6        EV: 12    Int: 14    God:
Gold:   127        SH:  0    Dex: 26    Spells: 3/3 levels left

rFire   . . .        a - +0 shortbow
rCold   . . .        (shield currently unavailable)
rNeg    . . .        d - +0 ring mail
rPois   .            (no helmet)
rElec   .            (no cloak)
rCorr   .            (no gloves)
SInv    .            (no boots)
Will    .....        (no amulet)
Stlth   ++           g - +6 ring of strength
HPRegen 0.24/turn    b - +6 ring of dexterity
MPRegen 0.10/turn

%: no passive effects
@: about to teleport
A: no striking features
a: no special abilities


You were on level 4 of the Dungeon.
You visited 1 branch of the dungeon, and saw 4 of its levels.

You collected 127 gold pieces.


   Skills:
 - Level 1.5 Fighting
 + Level 7.8 Ranged Weapons
 - Level 3.1 Dodging
 - Level 1.2 Stealth


You had 3 spell levels left.
You didn't know any spells.
Your spell library was empty.

Inventory:

Hand Weapons
 a - a +0 shortbow (weapon)
Armour
 d - a +0 ring mail (worn)
Jewellery
 b - a +6 ring of dexterity (right hand)
 g - a +6 ring of strength (left hand)
Potions
 h - a potion of heal wounds
 j - a potion of invisibility {unknown}
 k - a potion of cancellation
 l - a potion of ambrosia {unknown}
 m - 2 potions of curing {unknown}
 n - a potion of might {unknown}
 o - a potion of mutation {unknown}

Dungeon Overview and Level Annotations

Branches:
Dungeon (4/15)
 Temple: D:4-7

Altars:
Ashenzari
Dithmenos
Kikubaaqudgha
Qazlal
Sif Muna
The Shining One

Shops:
D:1 :[*?

Annotations:
D:4 Duvessa


Message History

You climb downwards.
There is a stone staircase leading up here.
Waypoint 3 assigned to D:4.
Found a morningstar.
m - 2 purple potions (gained 1)
A hobgoblin comes into view.
You shoot an arrow. The arrow hits the hobgoblin!
You kill the hobgoblin!
Dowan, Brother of Duvessa comes into view.
He is wielding a +0 dagger.
You shoot an arrow. The arrow hits Dowan.
Dowan shouts!
Dowan is lightly wounded.
You shoot an arrow. The arrow hits Dowan.
Dowan is moderately wounded.
Dowan says, "Magic and the sword, together, will defeat you."
Duvessa, Sister of Dowan comes into view.
She is wielding a +0 rapier.
You shoot an arrow. The arrow hits Dowan!
Dowan is heavily wounded.
You shoot an arrow. The arrow hits Dowan.
Dowan is severely wounded.
You shoot an arrow. The arrow closely misses Dowan.
The arrow hits Duvessa.
Duvessa is lightly wounded.
You shoot an arrow. The arrow hits Dowan!
You kill Dowan!
Duvessa screams, "No!
How DARE you!"
Duvessa goes berserk!
You shoot an arrow. The arrow barely misses Duvessa.
Duvessa hits you with a +0 rapier.
You shoot an arrow. The arrow hits Duvessa!
Duvessa is moderately wounded.
Duvessa hits you but does no damage.
You shoot an arrow. The arrow hits Duvessa!
Duvessa is heavily wounded.
Duvessa closely misses you. Duvessa hits you with a +0 rapier!!
Ouch! That really hurt!
2196 ||| READING scroll of teleportation.
As you read the scroll of teleportation, it crumbles to dust.
You feel strangely unstable. Duvessa hits you with a +0 rapier.
You die...

#....#.........# #.
#..###..####.#.#
#...
#.......#...<#.#
#..#.####.##.##.#.#
#.......#.......#.#
#.###...####.####.#
# ###.## #.# .#
#..###.# .#
#..@##.# #.#e.).#
#...)..# #####.##
... #.## .# .#


You could see Duvessa (berserk).

Vanquished Creatures
  Dowan (D:4)
  3 adders
  A dart slug (D:1)
  A ribbon worm (D:2)
  4 orcs
  A ball python (D:3)
  5 bats
  3 endoplasms (D:2)
  A giant cockroach (D:1)
  3 goblins
  4 hobgoblins
  2 jackals (D:1)
  A quokka (D:2)
  2 frilled lizards
  5 kobolds
  A rat (D:1)
38 creatures vanquished.

Notes
Turn   | Place    | Note
-------+----------+-------------------------------------------
     0 | D:1      | qw the Deep Elf Hunter began the quest for the Orb.
     0 | D:1      | Reached XP level 1. HP: 12/12 MP: 3/3
     0 | D:1      | 0 ||| qw: Version: 0.3-a-160-g6735b56
     0 | D:1      | 0 ||| qw: Game counter: 6295
     0 | D:1      | 0 ||| qw: Melee chars always use a shield: true
     0 | D:1      | 0 ||| qw: God list: Okawaru
     0 | D:1      | 0 ||| qw: Allow faded altars: false
     0 | D:1      | 0 ||| qw: Do Orc after clearing Dungeon:15 true
     0 | D:1      | 0 ||| qw: Do second Lair branch before Depths: true
     0 | D:1      | 0 ||| qw: Lair rune preference: random
     0 | D:1      | 0 ||| qw: Goals: Normal
     0 | D:1      | 0 ||| PLANNING D:1-11
    56 | D:1      | Found Tiretwav's Magic Scroll Shoppe.
    61 | D:1      | 61 ||| SHOPLISTING 3 scrolls of identify (78 gold, have 0).
    61 | D:1      | 61 ||| SHOPLISTING scroll of enchant weapon (97 gold, have
                  | 0).
    61 | D:1      | 61 ||| SHOPLISTING scroll of identify (26 gold, have 0).
    61 | D:1      | 61 ||| SHOPLISTING scroll of teleportation (39 gold, have
                  | 0).
   158 | D:1      | Found Kidoas's Book Emporium.
   213 | D:1      | Found Kaonk's Antique Armour Emporium.
   248 | D:1      | 248 ||| SHOPLISTING glowing leather armour (130 gold, have
                  | 0).
   248 | D:1      | 248 ||| SHOPLISTING glowing ring mail (182 gold, have 0).
   248 | D:1      | 248 ||| SHOPLISTING runed ring mail (182 gold, have 0).
   248 | D:1      | 248 ||| SHOPLISTING shiny ring mail (182 gold, have 0).
   351 | D:1      | Reached skill level 6 in Ranged Weapons
   351 | D:1      | Reached XP level 2. HP: 16/16 MP: 4/4
   381 | D:1      | 381 ||| READING scroll labelled ENUIME AC VETE.
   382 | D:1      | 382 ||| READING scroll labelled HOLUCY ROMPUAT.
   487 | D:1      | Found Xoennau's General Store.
   495 | D:1      | 495 ||| SHOPLISTING +1 pair of boots (149 gold, have 0).
   495 | D:1      | 495 ||| SHOPLISTING +2 ring mail "Icucuce" {rF+ MP+9
                  | Stlth+} (646 gold, have 0).
   495 | D:1      | 495 ||| SHOPLISTING ring of willpower (325 gold, have 0).
   495 | D:1      | 495 ||| SHOPLISTING scroll of identify (26 gold, have 0).
   495 | D:1      | 495 ||| SHOPLISTING scroll of teleportation (39 gold, have
                  | 0).
   913 | D:1      | 913 ||| UPGRADING to +6 ring of strength.
   914 | D:1      | 914 ||| READING 2 scrolls labelled ZUIS KEHAKHLOWN.
   914 | D:1      | 914 ||| IDENTIFYING red potion
   915 | D:1      | 915 ||| DROPPING scroll of butterflies.
   916 | D:1      | 916 ||| DROPPING potion of attraction.
  1201 | D:2      | Found a faded altar of an unknown god.
  1244 | D:2      | Reached XP level 3. HP: 20/20 MP: 5/5
  1546 | D:2      | 1546 ||| UPGRADING to +0 ring mail.
  1556 | D:2      | 1556 ||| DROPPING +0 leather armour.
  1557 | D:2      | 1557 ||| UPGRADING to +6 ring of dexterity.
  1558 | D:2      | 1558 ||| READING scroll of identify.
  1558 | D:2      | 1558 ||| IDENTIFYING ruby potion
  1559 | D:2      | 1559 ||| DRINKING 2 green potions.
  1585 | D:2      | 1585 ||| DRINKING 2 puce potions.
  1586 | D:2      | 1586 ||| DROPPING potion of lignification.
  1635 | D:3      | 1635 ||| STAIRDANCE
  1662 | D:3      | 1662 ||| STAIRDANCE
  1666 | D:2      | Reached skill level 7 in Ranged Weapons
  1672 | D:3      | 1672 ||| STAIRDANCE
  1689 | D:3      | 1689 ||| STAIRDANCE
  1702 | D:3      | 1702 ||| STAIRDANCE
  1847 | D:3      | Reached skill level 3 in Dodging
  1909 | D:3      | Found a shimmering blue altar of Sif Muna.
  1914 | D:3      | Found a glowing golden altar of the Shining One.
  1915 | D:3      | Found a broken altar of Ashenzari.
  1915 | D:3      | Found a stormy altar of Qazlal.
  1915 | D:3      | Found a shadowy altar of Dithmenos.
  1920 | D:3      | Found an ancient bone altar of Kikubaaqudgha.
  2018 | D:3      | Reached XP level 4. HP: 25/25 MP: 6/6
  2122 | D:3      | 2122 ||| READING scroll labelled DUSID FUMN.
  2123 | D:3      | 2123 ||| READING scroll labelled XEUCZE ESSA KUNO.
  2186 | D:4      | Noticed Dowan
  2188 | D:4      | Noticed Duvessa
  2192 | D:4      | Killed Dowan
  2195 | D:4      | HP: 3/25 [Duvessa/+0 rapier (20)]
  2196 | D:4      | 2196 ||| READING scroll of teleportation.
  2196 | D:4      | Slain by Duvessa

Levels and vault maps discovered:
D:1:      nzn_arrival_depleted_hourglass, layout_basic, serial_glass,
          glass_columns_c, glass_columns_a, due_unseen_surprise,
          item_on_display_a, serial_shops, nicolae_shop_statue_plus,
          nicolae_shop_hallway_stairs, nicolae_book_shop_shelving, shop
D:2:      layout_basic, hellmonk_ecumenical_altar_arch_garden, corexii_shack
D:3:      layout_rooms, minitemple
D:4:      layout_basic, uniq_menkaure, uniq_duvessa

Skill      XL: |  1  2  3 |
---------------+----------+-----
Ranged Weapons | 6 7 |  7.8
Dodging        | 3 |  3.1
Fighting       | |  1.5
Stealth        | |  1.2

Action                     |  1- 3 |  4- 6 || total
---------------------------+-------+-------++-------
   Fire: Shortbow          |   105 |    10 ||   115
    Use: Scroll            |     4 |     3 ||     7
         Potion            |     2 |       ||     2
 Armour: Leather armour    |     5 |       ||     5
         Ring mail         |    10 |     4 ||    14
  Dodge: Dodged            |    25 |     1 ||    26

Table legend:
 A = Non-vault XP
 B = Vault XP
 C = Vault XP percentage of total XP
 D = Non-vault monster count
 E = Vault monster count
 F = Vault count percentage of total count
                 A         B        C        D         E       F
            +---------+---------+-------+---------+---------+-------
      Total |     103 |      70 |  40.5 |      36 |       2 |   5.3
            +---------+---------+-------+---------+---------+-------
        D:1 |      24 |       0 |   0.0 |      13 |       0 |   0.0
        D:2 |      36 |       3 |   7.7 |      12 |       1 |   7.7
        D:3 |      41 |       0 |   0.0 |      10 |       0 |   0.0
        D:4 |       2 |      67 |  97.1 |       1 |       1 |  50.0
            +---------+---------+-------+---------+---------+-------
